Map: Blackburn LE

Players

Kas

  • Race: Terran Terran
  • League: Grandmaster

Denver - Winner!

  • Race: Zerg Zerg
  • League: Grandmaster

Event: DreamHack SC2 Masters 2021 Summer

VOD

Have the link to the VOD?

Description

Time

  • Played on: May 19, 2021, 2:13 p.m.
  • Length: 17:15

All games in this series

Show
View Real Time Build Order
Export as new Build Order

Kas Terran 

Build Orders: Reaper Expand 

Get SALT Encoding   

  12  0:00  SCV  
  13  0:12  SCV  
  14  0:17  Supply Depot  
  14  0:24  SCV  
  15  0:38  SCV  
  15  0:40  Barracks  
  16  0:43  Refinery  
  16  0:50  SCV  
  17  1:03  SCV  
  18  1:15  SCV  
  19  1:27  Reaper, Orbital Command  
  20  1:39  Command Center  
  20  1:53  SCV  
  21  1:59  Marine, Supply Depot  
  22  2:05  SCV  
  23  2:12  Factory  
  23  2:20  Barracks Reactor  
  23  2:21  SCV  
  24  2:33  SCV  
  24  2:36  Refinery  
  25  2:46  SCV  
  26  2:52  Orbital Command  
  26  2:58  Starport  
  26  3:00  SCV  
  26  3:04  Hellion  
  26  3:05  Hellion  
  31  3:12  SCV  
  32  3:15  Marine  
  32  3:19  SCV  
  34  3:24  SCV  
  34  3:27  Hellion x2  
  39  3:31  SCV, Supply Depot  
  40  3:34  Fusion Core  
  40  3:36  SCV  
  41  3:43  SCV, Viking  
  44  3:48  SCV  
  44  3:55  SCV  
  46  4:01  Command Center  
  46  4:03  SCV  
  46  4:05  Barracks Tech Lab  
  46  4:07  SCV  
  48  4:10  Supply Depot  
  48  4:16  SCV  
  49  4:19  SCV  
  49  4:22  Hellion x2, Supply Depot  
  54  4:32  SCV x2  
  56  4:42  Battlecruiser  
  56  4:44  SCV  
  63  4:47  SCV  
  63  4:48  Hellion x2  
  63  4:50  Barracks Tech Lab  
  68  5:04  SCV  
  68  5:06  SCV  
  69  5:10  Stimpack, Marine, Supply Depot  
  69  5:13  Hellion x2  
  74  5:15  Orbital Command  
  74  5:17  SCV  
  75  5:26  Barracks  
  75  5:28  Barracks, Engineering Bay  
  75  5:29  Engineering Bay  
  75  5:31  Refinery x2, SCV  
  75  5:33  SCV, Marine  
  78  5:43  SCV x2  
  78  5:45  SCV  
  78  5:49  Factory Reactor  
  81  5:50  Marine  
  81  5:55  SCV x2  
  81  5:56  Starport Reactor  
  84  6:05  SCV, Siege Tank  
  84  6:07  Terran Infantry Armor Level 1, Terran Infantry Weapons Level 1  
  84  6:08  Marine  
  84  6:09  SCV  
  90  6:14  SCV  
  90  6:15  Barracks  
  90  6:16  Barracks  
  92  6:21  SCV  
  92  6:25  SCV  
  90  6:31  SCV  
  80  6:36  Marine  
  80  6:37  SCV x2  
  83  6:40  Starport Reactor  
  83  6:43  Marine  
  83  6:46  Orbital Command, Marine x3, Siege Tank  
  90  6:50  SCV  
  90  6:53  Supply Depot x2  
  90  6:54  Marine  
  88  6:55  Supply Depot  
  88  6:58  Missile Turret  
  88  6:59  Combat Shield  
  88  7:01  SCV, Marine, Missile Turret  
  84  7:02  SCV  
  84  7:05  Missile Turret  
  84  7:06  Armory  
  84  7:07  Marine  
  88  7:11  Marine  
  88  7:12  Barracks Reactor, Marine  
  88  7:13  Barracks Reactor  
  88  7:14  SCV  
  91  7:20  Marine x2  
  93  7:24  Siege Tank  
  93  7:25  Marine  
  93  7:26  SCV  
  93  7:29  SCV, Marine  
  100  7:30  Marine  
  101  7:38  Marine x2, Missile Turret  
  101  7:42  Marine  
  101  7:43  Barracks  
  104  7:45  Barracks  
  104  7:47  Barracks, Marine  
  104  7:50  Marine x5  
  110  7:56  Marine x2  
  111  8:00  Siege Tank  
  111  8:02  Terran Infantry Armor Level 2, Terran Infantry Weapons Level 2  
  114  8:08  Marine  
  114  8:10  Supply Depot  
  114  8:11  Bunker, Marine, Supply Depot  
  116  8:14  Supply Depot  
  116  8:16  Marine  
  117  8:24  Marine  
  117  8:25  Missile Turret  
  117  8:28  Missile Turret  
  117  8:32  Barracks Reactor, Marine x7, Medivac  
  117  8:34  Marine, Supply Depot  
  127  8:35  Barracks Reactor  
  127  8:36  Marine, Supply Depot  
  128  8:42  Marine  
  129  8:48  Siege Tank  
  129  8:49  Marine x2  
  129  8:50  Marine x3, Medivac  
  129  8:52  Missile Turret  
  129  8:55  Marine x4  
  139  9:00  Marine  
  144  9:07  Marine x3  
  144  9:09  Command Center  
  147  9:11  Marine x2  
  147  9:13  Marine x5  
  147  9:15  Medivac  
  147  9:16  Terran Vehicle Weapons Level 1  
  156  9:20  Supply Depot x2  
  156  9:21  Marine, Supply Depot  
  156  9:23  Marine, Siege Tank  
  161  9:25  Marine x2  
  161  9:27  Marine x2  
  165  9:34  Supply Depot  
  165  9:41  SCV x2, Marine x4, Medivac  
  165  9:42  Marine x5  
  165  9:43  Marine  
  165  9:44  Marine  
  180  9:46  Marine  
  180  9:52  Marine x2  
  183  9:55  Siege Tank  
  183  9:59  Marine x4  
  189  10:01  Medivac  
  189  10:02  Marine  
  189  10:04  Marine  
  189  10:05  Marine  
  194  10:07  Marine  
  194  10:09  Marine x2  
  197  10:21  Marine x3  
  200  10:26  Terran Infantry Weapons Level 3  
  200  10:38  Marine  
  200  10:40  Marine  
  200  10:41  Marine  
  193  10:47  Marine  
  184  10:50  Terran Infantry Armor Level 3  
  184  10:51  Marine x2  
  184  10:54  Marine x8  
  184  10:56  Marine, Medivac, Siege Tank  
  197  10:58  Marine  
  197  10:59  Marine  
  195  11:05  Marine  
  195  11:06  Missile Turret  
  195  11:08  Missile Turret  
  195  11:09  Marine x2  
  196  11:12  Marine  
  170  11:19  Marine  
  170  11:21  Marine  
  165  11:27  Marine x11, Medivac x2  
  165  11:30  Marine  
  168  11:37  Marine  
  168  11:39  Marine  
  149  11:42  SCV x2  
  149  11:45  Marine x11  
  162  11:47  Marine, Planetary Fortress  
  163  11:55  Marine, Siege Tank  
  163  11:57  Marine  
  168  12:03  Marine x2  
  164  12:12  Marine  
  164  12:13  Marine  
  164  12:14  Marine  
  167  12:24  Marine x11  
  174  12:30  Marine x2  
  174  12:36  Marine  
  142  12:38  Siege Tank  
  142  12:40  Medivac  
  142  12:42  Marine x11  
  155  12:48  Marine x2  
  153  12:54  Marine  
  137  13:00  Marine x10  
  137  13:01  Marine  
  105  13:06  Marine x2  
  105  13:07  Medivac  
  105  13:12  Marine  
  108  13:17  Marine  
  108  13:18  Marine x10  
  119  13:20  Medivac  
  119  13:24  Marine x2  
  123  13:30  Marine  
  124  13:35  Marine x4  
  124  13:38  Marine x7  
  124  13:41  Siege Tank  
  138  13:42  Marine x2  
  138  13:47  Medivac  
  138  13:48  Marine  
  143  13:51  Missile Turret  
  143  13:53  Marine x3  
  146  13:58  Marine  
  147  14:04  Marine  
  147  14:05  Marine  
  147  14:06  Marine  
  147  14:07  Marine  
  147  14:09  Marine  
  152  14:13  Siege Tank  
  149  14:17  Marine x2  
  149  14:18  Marine  
  149  14:19  Marine x2  
  150  14:26  Marine x8  
  150  14:27  Marine  
  150  14:29  Medivac x2  
  163  14:35  Marine x2  
  163  14:36  Marine x2  
  163  14:37  Marine  
  163  14:44  Marine x8  
  163  14:45  Marine, Siege Tank  
  163  14:53  Marine x2  
  163  14:54  Marine x2  
  163  14:56  Marine  
  160  15:02  Marine x8  
  160  15:03  Marine  
  169  15:10  Marine  
  169  15:11  Marine  
  169  15:12  Marine x2  
  169  15:13  Marine  
  169  15:20  Marine x8  
  169  15:21  Marine  
  175  15:28  Marine x2  
  175  15:30  Marine x2  
  175  15:31  Marine  
  178  15:37  Marine  
  178  15:38  Marine x4  
  178  15:41  Marine  
  178  15:42  Marine x2  
  163  15:44  Marine  
  163  15:48  Marine x2  
  168  15:52  Marine  
  168  15:54  Marine x2  
  166  15:58  Marine x2  
  166  15:59  Siege Tank  
  169  16:04  Marine x3  
  169  16:05  Marine  
  169  16:06  Marine  
  169  16:07  Marine  
  169  16:10  Marine x2  
  177  16:12  Marine  
  177  16:13  Marine  
  154  16:20  Marine  
  154  16:23  Marine  
  154  16:25  Marine  
  132  16:34  Marine  
  132  16:36  Marine x2  
  129  16:42  Marine  
  129  16:43  Marine  
  116  16:53  Marine  
Show
View Real Time Build Order
Export as new Build Order

Denver Zerg - Winner!

Build Orders: Hatch First, Muta Ling Bane 

Get SALT Encoding   

  12  0:00  Drone  
  13  0:12  Overlord  
  13  0:17  Drone  
  14  0:31  Drone x2  
  16  0:48  Hatchery  
  15  0:52  Drone  
  15  0:55  Drone  
  17  0:59  Drone  
  18  1:09  Extractor  
  17  1:14  Spawning Pool  
  17  1:17  Drone  
  17  1:20  Drone  
  18  1:28  Drone  
  19  1:39  Drone  
  20  1:50  Overlord  
  20  2:00  Queen  
  20  2:01  Queen, Zergling x4  
  26  2:11  Drone x2  
  26  2:14  Metabolic Boost  
  28  2:22  Drone x2  
  30  2:29  Spore Crawler  
  29  2:33  Drone  
  31  2:42  Hatchery  
  31  2:44  Drone  
  31  2:48  Overlord  
  31  2:50  Drone  
  32  2:56  Drone x2  
  34  3:01  Queen  
  36  3:06  Drone  
  36  3:08  Drone  
  36  3:09  Drone  
  36  3:12  Drone  
  40  3:16  Overlord  
  41  3:20  Drone  
  41  3:23  Queen  
  43  3:27  Overlord  
  43  3:30  Drone  
  44  3:35  Drone  
  44  3:37  Drone  
  44  3:39  Queen  
  48  3:44  Drone x2  
  48  3:47  Drone x2  
  52  3:51  Overlord  
  52  3:54  Baneling Nest  
  52  3:55  Drone  
  52  3:58  Drone  
  52  3:59  Drone  
  54  4:04  Lair  
  54  4:09  Extractor  
  53  4:10  Drone x3  
  53  4:12  Drone  
  53  4:15  Overlord  
  57  4:23  Zergling x6  
  60  4:25  Queen  
  60  4:29  Extractor, Overlord  
  60  4:30  Extractor  
  60  4:32  Drone x2  
  60  4:33  Drone  
  60  4:37  Zergling x4  
  60  4:38  Zergling x2  
  66  4:41  Overlord  
  66  4:43  Overlord  
  66  4:50  Drone  
  66  4:51  Drone x4  
  70  4:55  Drone, Spore Crawler  
  70  4:56  Drone  
  70  5:03  Drone x4  
  73  5:09  Spire  
  73  5:10  Drone x2  
  73  5:12  Drone  
  73  5:14  Drone  
  76  5:15  Drone  
  76  5:18  Drone  
  76  5:21  Spore Crawler  
  77  5:22  Extractor x2  
  77  5:24  Drone x3  
  77  5:26  Drone  
  77  5:27  Drone  
  81  5:28  Drone  
  81  5:31  Drone  
  81  5:33  Overlord  
  82  5:41  Evolution Chamber  
  81  5:43  Zergling x2  
  81  5:44  Zergling x6  
  81  5:46  Drone x3  
  88  5:54  Baneling x3  
  88  5:55  Baneling  
  87  6:01  Zergling x16  
  87  6:04  Overlord  
  93  6:10  Overlord  
  91  6:13  Drone  
  88  6:20  Zergling x6  
  82  6:26  Mutalisk x6  
  82  6:30  Mutalisk x2  
  87  6:37  Mutalisk x2  
  85  6:50  Mutalisk  
  85  6:53  Zergling x8  
  91  7:01  Drone x3  
  91  7:07  Centrifical Hooks  
  93  7:09  Drone x2  
  93  7:12  Drone  
  93  7:15  Hatchery  
  95  7:17  Drone  
  95  7:22  Drone x2  
  98  7:23  Zerg Ground Armor Level 1  
  98  7:26  Evolution Chamber  
  97  7:31  Drone x2  
  97  7:34  Mutalisk x2  
  103  7:41  Zergling x12  
  103  7:43  Overlord  
  109  7:46  Zerg Flyer Weapons Level 1  
  109  7:47  Drone x3  
  109  7:48  Drone  
  113  7:53  Overlord  
  113  7:54  Overlord  
  113  7:57  Zerg Melee Weapons Level 1  
  113  7:59  Burrow  
  113  8:02  Baneling x6  
  113  8:05  Zergling x2  
  113  8:06  Zergling x4  
  116  8:13  Zergling x6  
  116  8:14  Zergling x6  
  116  8:17  Drone x3  
  123  8:21  Baneling x7  
  123  8:22  Drone  
  124  8:27  Drone x3  
  124  8:30  Baneling  
  124  8:31  Baneling x7  
  124  8:33  Drone x2  
  129  8:39  Drone x5  
  134  8:42  Zergling x6  
  134  8:43  Zergling x2  
  138  8:49  Zergling x10  
  138  8:50  Overlord  
  138  8:53  Spore Crawler  
  138  8:54  Overlord  
  142  8:57  Overlord x2  
  142  9:06  Zergling x4  
  142  9:07  Overlord x3  
  144  9:13  Zergling x14  
  151  9:19  Zergling x10  
  151  9:24  Zerg Ground Armor Level 2  
  156  9:34  Hatchery  
  156  9:35  Zergling x16  
  163  9:44  Mutalisk x5  
  173  9:46  Overlord  
  173  9:50  Zergling x8  
  173  9:52  Baneling x4  
  177  9:55  Drone x3  
  180  10:00  Extractor  
  180  10:01  Extractor  
  180  10:03  Zergling x16  
  180  10:05  Zergling x2  
  186  10:07  Drone x2  
  186  10:13  Zergling x12  
  191  10:16  Zerg Flyer Weapons Level 2  
  191  10:18  Drone x2  
  191  10:19  Drone  
  194  10:25  Baneling x13  
  194  10:31  Zergling x10  
  197  10:39  Zergling x2  
  197  10:40  Zergling x16  
  197  10:42  Baneling x5  
  187  10:43  Baneling x3  
  180  10:51  Zergling x4  
  180  10:52  Zergling x12  
  181  10:59  Zergling x16  
  189  11:04  Baneling x2  
  189  11:05  Baneling x13  
  189  11:10  Mutalisk x3  
  190  11:18  Zergling x16  
  188  11:22  Zergling x12  
  187  11:29  Zergling x10  
  187  11:38  Queen x2, Zergling x10  
  164  11:45  Baneling x2  
  164  11:46  Baneling x7, Zergling x8  
  168  11:50  Baneling x5  
  168  11:51  Zergling x12  
  172  12:02  Mutalisk x5  
  172  12:05  Zergling x14  
  172  12:07  Baneling x6  
  189  12:11  Zergling x2  
  189  12:12  Zergling x12  
  195  12:17  Zergling x2, Baneling Nest  
  179  12:35  Zergling x28  
  152  12:39  Zergling x6  
  152  12:42  Baneling x20  
  152  12:43  Zergling x2  
  153  12:46  Zergling x2  
  153  12:48  Queen  
  153  12:50  Zergling x10  
  147  13:01  Zergling x14  
  147  13:02  Zergling x4  
  147  13:03  Queen x2  
  149  13:08  Baneling x4  
  149  13:09  Zergling x8  
  149  13:10  Baneling x10  
  149  13:11  Queen  
  155  13:14  Zergling x4  
  155  13:19  Zergling x6  
  160  13:31  Mutalisk x6  
  166  13:34  Baneling x3, Zergling x4  
  166  13:35  Zergling x4  
  166  13:40  Hatchery  
  169  13:42  Drone  
  169  13:43  Drone x4  
  169  13:46  Zergling x2  
  169  13:47  Extractor, Baneling x12  
  169  13:48  Baneling  
  174  13:52  Baneling x4  
  174  13:54  Zergling x2  
  174  13:55  Zergling x16  
  183  13:58  Extractor x2  
  181  14:04  Zergling x14  
  187  14:14  Zergling x16  
  195  14:20  Infestation Pit, Overlord  
  195  14:21  Baneling x2  
  195  14:22  Baneling x16  
  195  14:23  Baneling  
  192  14:26  Drone x5  
  192  14:28  Overlord  
  192  14:45  Baneling  
  192  14:46  Baneling x11, Zergling x2  
  192  14:47  Zergling x14  
  194  14:55  Zergling x20  
  183  15:07  Zergling x20  
  190  15:14  Mutalisk  
  190  15:15  Mutalisk x2  
  180  15:32  Baneling x12  
  180  15:42  Zergling x36  
  176  15:53  Zergling x2  
  176  15:54  Zergling x20  
  167  16:08  Baneling x10  
  167  16:09  Baneling x3  
  145  16:29  Baneling  
  145  16:30  Baneling x14  
  132  16:35  Zergling x16  
  132  16:47  Zergling x4  
  132  16:48  Zergling x10  
Tags
 
Add a new tag
Caveats
  • Supply blocks, unpowered buildings, or Contaminate may cause inaccurate times.
  • Supply counts are checked every 10 seconds.